TOP OF THE 1ST |
Boise Hawks batting - Pitching for Auburn Doubledays : RHP Steve Schneider
|
Pitching: RHP Steve Schneider
|
|
Batting: LHB Jerry Santana
|
0-0: Called Strike 0-1: SINGLE (Groundball, 5D, EV 109.4 MPH)
|
Batting: SHB Brad Madden
|
0-0: Ball 1-0: Fly out, F8 (Line Drive, 8LM, EV 102.5 MPH)
|
Batting: LHB Jason Ryan
|
0-0: Ball 1-0: Foul Ball, location: 2F 1-1: Ball Jerry Santana steals 2nd base 2-1: Ground out 4-3 (Groundball, 4, EV 110.6 MPH) Jerry Santana to third
|
Batting: SHB Chris Besselman
|
0-0: Ball 1-0: Ground out 6-3 (Groundball, 6, EV 105.0 MPH)
|
Top of the 1st over - 0 runs, 1 hit, 0 errors, 1 left on base; Boise 0 - Auburn 0 |
BOTTOM OF THE 1ST |
Auburn Doubledays batting - Pitching for Boise Hawks : RHP Matt Morales
|
Pitching: RHP Matt Morales
|
|
Batting: LHB Yasuo Igarashi
|
0-0: Swinging Strike 0-1: Swinging Strike 0-2: Strikes out swinging
|
Batting: LHB Vince McLane
|
0-0: Ball 1-0: Fly out, F8 (Flyball, 89M, EV 86.9 MPH)
|
Batting: RHB Leo Gutierrez
|
0-0: Ball 1-0: SINGLE (Line Drive, 4MD, EV 96.9 MPH)
|
Batting: RHB Bryan Wheeler
|
0-0: Foul Ball, location: 2F 0-1: Ball Leo Gutierrez steals 2nd base 1-1: Foul Ball, location: 2F 1-2: Strikes out swinging
|
Bottom of the 1st over - 0 runs, 1 hit, 0 errors, 1 left on base; Boise 0 - Auburn 0 |
TOP OF THE 2ND |
Boise Hawks batting - Pitching for Auburn Doubledays : RHP Steve Schneider
|
Batting: RHB Brent Montagano
|
0-0: Ball 1-0: Ball 2-0: Called Strike 2-1: Ball 3-1: Base on Balls
|
Batting: RHB Ryan Ward
|
0-0: Ball 1-0: Called Strike 1-1: Ball 2-1: Ball 3-1: Foul Ball, location: 2F 3-2: Fielders Choice at 2nd, 6-4 (Groundball, 6, EV 85.6 MPH)
|
Batting: RHB Juan Gallardo
|
0-0: Ground out 4-3 (Groundball, 4, EV 88.8 MPH) Ryan Ward to second
|
Batting: RHB Carlos de Jesus
|
0-0: Ball 1-0: Ball 2-0: Ball 3-0: Called Strike 3-1: Called Strike 3-2: Base on Balls
|
Batting: RHB Aaron Burnet
|
0-0: Ball 1-0: Foul Ball, location: 2F 1-1: Foul Ball, location: 2F 1-2: Strikes out swinging
|
Top of the 2nd over - 0 runs, 0 hits, 0 errors, 2 left on base; Boise 0 - Auburn 0 |
BOTTOM OF THE 2ND |
Auburn Doubledays batting - Pitching for Boise Hawks : RHP Matt Morales
|
Batting: LHB Adam Lancaster
|
0-0: Ball 1-0: Foul Ball, location: 2F 1-1: Foul Ball, location: 2F 1-2: SINGLE (Groundball, 6, EV 95.0 MPH)
|
Batting: RHB Travis Stanley
|
0-0: Swinging Strike 0-1: Ball 1-1: TRIPLE (Line Drive, 78XD, EV 103.8 MPH) Adam Lancaster scores
|
Pinch Runner at 3rd Lamar Thornton:
|
|
Batting: RHB Joe Young
|
0-0: Foul Ball, location: 2F 0-1: Swinging Strike 0-2: Ball 1-2: Strikes out looking
|
Batting: RHB Jessie Fisher
|
0-0: Called Strike 0-1: Ground out 6-3 (Groundball, 56, EV 95.6 MPH) Lamar Thornton scores
|
Batting: LHB Jim Weidman
|
0-0: Ball 1-0: Fly out, F8 (Flyball, 8RM, EV 94.4 MPH)
|
Bottom of the 2nd over - 2 runs, 2 hits, 0 errors, 0 left on base; Boise 0 - Auburn 2 |
TOP OF THE 3RD |
Boise Hawks batting - Pitching for Auburn Doubledays : RHP Steve Schneider
|
Now in CF: Vince McLane
|
|
Now in RF: Lamar Thornton
|
|
Batting: LHB Jerry Santana
|
0-0: Called Strike 0-1: Foul Ball, location: 2F 0-2: Strikes out swinging
|
Batting: SHB Brad Madden
|
0-0: Called Strike 0-1: Called Strike 0-2: Strikes out looking
|
Batting: LHB Jason Ryan
|
0-0: Called Strike 0-1: Ground out U3 (Groundball, 3, EV 87.5 MPH)
|
Top of the 3rd over - 0 runs, 0 hits, 0 errors, 0 left on base; Boise 0 - Auburn 2 |
BOTTOM OF THE 3RD |
Auburn Doubledays batting - Pitching for Boise Hawks : RHP Matt Morales
|
Batting: LHB Yasuo Igarashi
|
0-0: Ball 1-0: Called Strike 1-1: Called Strike 1-2: Ball 2-2: Strikes out swinging
|
Batting: LHB Vince McLane
|
0-0: Ball 1-0: Ball 2-0: Ball 3-0: Base on Balls
|
Batting: RHB Leo Gutierrez
|
0-0: Called Strike Vince McLane steals 2nd base (no throw) 0-1: Ball Wild Pitch! Vince McLane to third 1-1: Ball 2-1: Foul Ball, location: 2F 2-2: Strikes out swinging
|
Batting: RHB Bryan Wheeler
|
0-0: Fly out, F8 (Flyball, 8LM, EV 85.6 MPH)
|
Bottom of the 3rd over - 0 runs, 0 hits, 0 errors, 1 left on base; Boise 0 - Auburn 2 |
TOP OF THE 4TH |
Boise Hawks batting - Pitching for Auburn Doubledays : RHP Steve Schneider
|
Batting: SHB Chris Besselman
|
0-0: Ball 1-0: Ball 2-0: Ball 3-0: Base on Balls
|
Batting: RHB Brent Montagano
|
0-0: Foul Ball, location: 2F 0-1: Ball 1-1: Fielders Choice at 2nd, 3-6 (Groundball, 3, EV 80.6 MPH)
|
Batting: RHB Ryan Ward
|
0-0: Ball 1-0: Ball 2-0: Ball 3-0: Base on Balls Brent Montagano to second
|
Batting: RHB Juan Gallardo
|
0-0: Swinging Strike 0-1: Swinging Strike 0-2: Foul Ball, location: 2F 0-2: Foul Ball, location: 2F 0-2: Ball 1-2: Foul Ball, location: 2F 1-2: Strikes out swinging
|
Batting: RHB Carlos de Jesus
|
0-0: Called Strike 0-1: Ball 1-1: Foul Ball, location: 2F 1-2: Ball 2-2: Strikes out swinging
|
Top of the 4th over - 0 runs, 0 hits, 0 errors, 2 left on base; Boise 0 - Auburn 2 |
BOTTOM OF THE 4TH |
Auburn Doubledays batting - Pitching for Boise Hawks : RHP Matt Morales
|
Batting: LHB Adam Lancaster
|
0-0: Ball 1-0: Swinging Strike 1-1: Ball 2-1: SINGLE (Line Drive, 34D, EV 96.2 MPH)
|
Batting: RHB Lamar Thornton
|
0-0: Ball Wild Pitch! Adam Lancaster to second 1-0: Ball 2-0: Foul Ball, location: 2F 2-1: Ball 3-1: Ground out U3 (Groundball, 3L, EV 98.8 MPH) Adam Lancaster to third
|
Batting: RHB Joe Young
|
0-0: Ball 1-0: Ball 2-0: Foul Ball, location: 2F 2-1: Foul Ball, location: 2F 2-2: Foul Ball, location: 2F 2-2: Ball 3-2: Base on Balls
|
Batting: RHB Jessie Fisher
|
0-0: Ball 1-0: Ball 2-0: Called Strike 2-1: Swinging Strike 2-2: Ball 3-2: Foul Ball, location: 2F 3-2: Base on Balls Joe Young to second
|
Batting: LHB Jim Weidman
|
0-0: Ball 1-0: Called Strike 1-1: Called Strike 1-2: SINGLE (Line Drive, 6D, EV 98.8 MPH) Adam Lancaster scores Joe Young to third Jessie Fisher to second
|
Batting: LHB Yasuo Igarashi
|
0-0: Ball Wild Pitch! Joe Young scores Jessie Fisher to third Jim Weidman to second 1-0: Ball 2-0: Ball 3-0: Called Strike 3-1: Foul Ball, location: 2F 3-2: Foul Ball, location: 2F 3-2: SINGLE (Line Drive, 89M, EV 100.6 MPH) Jessie Fisher scores Jim Weidman to third
|
Pitching: RHP Aaron O'Brien
|
|
Batting: LHB Vince McLane
|
0-0: Ball 1-0: Ball 2-0: Called Strike Yasuo Igarashi is caught stealing 2nd base 2-6 2-1: Ground out 1-3 (Groundball, 34S, EV 68.8 MPH)
|
Bottom of the 4th over - 3 runs, 3 hits, 0 errors, 1 left on base; Boise 0 - Auburn 5 |
TOP OF THE 5TH |
Boise Hawks batting - Pitching for Auburn Doubledays : RHP Steve Schneider
|
Batting: RHB Aaron Burnet
|
0-0: Called Strike 0-1: Ball 1-1: Swinging Strike 1-2: Foul Ball, location: 2F 1-2: Ball 2-2: Strikes out swinging
|
Batting: LHB Jerry Santana
|
0-0: Called Strike 0-1: Ball 1-1: Ball 2-1: Called Strike 2-2: Foul Ball, location: 2F 2-2: Ball 3-2: Base on Balls
|
Batting: SHB Brad Madden
|
0-0: Called Strike 0-1: Called Strike 0-2: Ball Jerry Santana steals 2nd base 1-2: Foul Ball, location: 2F 1-2: TRIPLE (Line Drive, 89XD, EV 110.0 MPH) Jerry Santana scores
|
Pitching: RHP Tim Schultz
|
|
Batting: LHB Jason Ryan
|
0-0: Ball 1-0: Swinging Strike 1-1: Ball 2-1: Ball 3-1: Foul Ball, location: 2F 3-2: Strikes out swinging
|
Batting: SHB Chris Besselman
|
0-0: Swinging Strike 0-1: Foul Ball, location: 2F 0-2: Strikes out looking
|
Top of the 5th over - 1 run, 1 hit, 0 errors, 1 left on base; Boise 1 - Auburn 5 |
BOTTOM OF THE 5TH |
Auburn Doubledays batting - Pitching for Boise Hawks : RHP Aaron O'Brien
|
Batting: RHB Leo Gutierrez
|
0-0: Ball 1-0: Ball 2-0: Ball 3-0: Base on Balls
|
Batting: RHB Bryan Wheeler
|
0-0: SINGLE (Line Drive, 9LS, EV 86.2 MPH) Leo Gutierrez to second Runner from 2nd tries for 3rd, SAFE, no throw by RF
|
Batting: LHB Adam Lancaster
|
0-0: Ball 1-0: Foul Ball, location: 2F 1-1: Ball 2-1: 3-RUN HOME RUN (Flyball, 9LD, EV 93.8 MPH), Distance : 352 ft
|
Batting: RHB Lamar Thornton
|
0-0: Called Strike 0-1: Foul Ball, location: 2F 0-2: Strikes out looking
|
Batting: RHB Joe Young
|
0-0: Called Strike 0-1: Ball 1-1: Foul Ball, location: 2F 1-2: Ball 2-2: Strikes out swinging
|
Batting: RHB Jessie Fisher
|
0-0: Swinging Strike 0-1: Ball 1-1: Ball 2-1: Swinging Strike 2-2: Ball 3-2: Ground out 6-3 (Groundball, 6, EV 83.1 MPH)
|
Bottom of the 5th over - 3 runs, 2 hits, 0 errors, 0 left on base; Boise 1 - Auburn 8 |
TOP OF THE 6TH |
Boise Hawks batting - Pitching for Auburn Doubledays : RHP Tim Schultz
|
Batting: RHB Brent Montagano
|
0-0: Ball 1-0: Called Strike 1-1: Ball 2-1: Ground out 4-3 (Groundball, 4, EV 80.0 MPH)
|
Batting: RHB Ryan Ward
|
0-0: Ball 1-0: Ball 2-0: Called Strike 2-1: Ball 3-1: Reached via error on a dropped throw from 1B, E1 (Groundball, 34S, EV 87.5 MPH)
|
Batting: RHB Juan Gallardo
|
0-0: Swinging Strike 0-1: Called Strike 0-2: Foul Ball, location: 2F 0-2: Hit by Pitch Ryan Ward to second
|
Batting: RHB Carlos de Jesus
|
0-0: Called Strike 0-1: Foul Ball, location: 2F 0-2: Ball 1-2: Foul Ball, location: 2F 1-2: Strikes out looking
|
Batting: RHB Aaron Burnet
|
0-0: Ball 1-0: Called Strike 1-1: Swinging Strike 1-2: Foul Ball, location: 2F 1-2: Foul Ball, location: 2F 1-2: Strikes out swinging
|
Top of the 6th over - 0 runs, 0 hits, 1 error, 2 left on base; Boise 1 - Auburn 8 |
BOTTOM OF THE 6TH |
Auburn Doubledays batting - Pitching for Boise Hawks : RHP Aaron O'Brien
|
Batting: LHB Jim Weidman
|
0-0: Ball 1-0: Ground out 4-3 (Groundball, 4, EV 106.9 MPH)
|
Batting: LHB Yasuo Igarashi
|
0-0: Foul Ball, location: 2F 0-1: Ball 1-1: Foul Ball, location: 2F 1-2: Fly out, F5 (Popup, 56S, EV 75.6 MPH)
|
Batting: LHB Vince McLane
|
0-0: Called Strike 0-1: Fly out, F7 (Flyball, 7, EV 95.0 MPH)
|
Bottom of the 6th over - 0 runs, 0 hits, 0 errors, 0 left on base; Boise 1 - Auburn 8 |
TOP OF THE 7TH |
Boise Hawks batting - Pitching for Auburn Doubledays : RHP Tim Schultz
|
Pitching: RHP Brent Wainwright
|
|
Batting: LHB Jerry Santana
|
0-0: Ground out 6-3 (Groundball, 6, EV 83.1 MPH)
|
Batting: SHB Brad Madden
|
0-0: Ball 1-0: Swinging Strike 1-1: Ball 2-1: Foul Ball, location: 2F 2-2: Strikes out swinging
|
Batting: LHB Jason Ryan
|
0-0: Called Strike 0-1: Fly out, F7 (Line Drive, 7LM, EV 93.8 MPH)
|
Top of the 7th over - 0 runs, 0 hits, 0 errors, 0 left on base; Boise 1 - Auburn 8 |
BOTTOM OF THE 7TH |
Auburn Doubledays batting - Pitching for Boise Hawks : RHP Aaron O'Brien
|
Batting: RHB Leo Gutierrez
|
0-0: Ball 1-0: Called Strike 1-1: Foul Ball, location: 2F 1-2: Strikes out swinging
|
Batting: RHB John Gibbs
|
0-0: Called Strike 0-1: Ball 1-1: Ball 2-1: Ball 3-1: Base on Balls
|
Pitching: RHP Alex McKinstry
|
|
Batting: LHB Adam Lancaster
|
0-0: Called Strike 0-1: Swinging Strike 0-2: Strikes out swinging
|
Batting: RHB Lamar Thornton
|
0-0: Foul Ball, location: 2F 0-1: Foul Ball, location: 2F 0-2: Ball 1-2: Foul Ball, location: 2F 1-2: Ground out 2-3 (Groundball, 2L, EV 76.9 MPH)
|
Bottom of the 7th over - 0 runs, 0 hits, 0 errors, 1 left on base; Boise 1 - Auburn 8 |
TOP OF THE 8TH |
Boise Hawks batting - Pitching for Auburn Doubledays : RHP Brent Wainwright
|
Batting: SHB Chris Besselman
|
0-0: Called Strike 0-1: Ball 1-1: Fly out, F6 (Popup, 4, EV 63.8 MPH)
|
Batting: RHB Brent Montagano
|
0-0: Ball 1-0: Ball 2-0: Ball 3-0: Called Strike 3-1: Base on Balls
|
Batting: RHB Ryan Ward
|
0-0: Foul Ball, location: 2F 0-1: Ball 1-1: Grounds into double play, 4-6-3 (Groundball, 34, EV 104.4 MPH)
|
Top of the 8th over - 0 runs, 0 hits, 0 errors, 0 left on base; Boise 1 - Auburn 8 |
BOTTOM OF THE 8TH |
Auburn Doubledays batting - Pitching for Boise Hawks : RHP Alex McKinstry
|
Batting: RHB Joe Young
|
0-0: Fly out, F9 (Flyball, 9, EV 98.1 MPH)
|
Batting: RHB Jessie Fisher
|
0-0: Ball 1-0: Ball 2-0: Called Strike 2-1: Foul Ball, location: 2F 2-2: Foul Ball, location: 2F 2-2: Ball 3-2: Base on Balls
|
Batting: LHB Jim Weidman
|
0-0: Ball 1-0: Called Strike 1-1: Fly out, F7 (Flyball, 7S, EV 88.8 MPH)
|
Batting: LHB Yasuo Igarashi
|
0-0: Swinging Strike 0-1: Ball 1-1: Swinging Strike 1-2: Ball 2-2: Foul Ball, location: 2F 2-2: Ball 3-2: Base on Balls Jessie Fisher to second
|
Batting: LHB Vince McLane
|
0-0: SINGLE (Groundball, 4MD, EV 103.1 MPH) Jessie Fisher to third Yasuo Igarashi to second Runner from 3rd tries for Home, throw by CF and OUT! 8-2
|
Bottom of the 8th over - 0 runs, 1 hit, 0 errors, 2 left on base; Boise 1 - Auburn 8 |
TOP OF THE 9TH |
Boise Hawks batting - Pitching for Auburn Doubledays : RHP Brent Wainwright
|
Batting: RHB Juan Gallardo
|
0-0: Ball 1-0: SINGLE (Groundball, 56D, EV 106.2 MPH)
|
Batting: RHB Carlos de Jesus
|
0-0: Called Strike 0-1: Swinging Strike 0-2: Ball 1-2: Strikes out swinging
|
Pinch Hitting: LHB Georges Lambert
|
0-0: Called Strike 0-1: Ball 1-1: Ball 2-1: Swinging Strike 2-2: Fielders Choice at 2nd, 3-6 (Groundball, 34S, EV 88.8 MPH)
|
Batting: LHB Jerry Santana
|
0-0: Ball 1-0: Foul Ball, location: 2F 1-1: Ball Wild Pitch! Georges Lambert to second 2-1: Ground out 6-3 (Groundball, 6, EV 89.4 MPH)
|
Top of the 9th over - 0 runs, 1 hit, 0 errors, 1 left on base; Boise 1 - Auburn 8 |
|